 Dungeon Crawl Stone Soup version 0.26-a0-639-g72c4674329 (webtiles) character file.

Game seed: 16696327544363606264

521964 Lugonue the Archmage (level 24, -3/137 HPs)
             Began as a Deep Elf Venom Mage on Sept 22, 2020.
             Was a Priest of Sif Muna.
             Splashed by a caustic shrike's acid (10 damage)
             ... on level 5 of the Depths on Sept 23, 2020.
             The game lasted 04:16:16 (79200 turns).

Lugonue the Archmage (Deep Elf Venom Mage)         Turns: 79200, Time: 04:16:16

Health: -3/137     AC: 10    Str:  5    XL:     24   Next: 67%
Magic:  44/66      EV: 19    Int: 41    God:    Sif Muna [***...]
Gold:   1107       SH: 15    Dex: 17    Spells: 27/77 levels left

rFire    + + .     SeeInvis .   W - staff of conjuration
rCold    . . .     Faith    .   S - +2 kite shield {reflect}
rNeg     . . .     Spirit   .   c - +0 swamp dragon scales
rPois    +         Reflect  +   I - +3 hat of Pondering {ponderous, MR+ MP+10 Int+5}
rElec    +         Harm     .   D - +1 cloak
rCorr    .         Rampage  .   V - +2 pair of gloves
MR       +++++                  k - +2 pair of boots
Stlth    ++++......             F - amulet "Quic" {RegenMP +Fly rF+ Dex+2}
HPRegen  0.32/turn              t - ring of the Mage {Wiz MR++ Int+3}
MPRegen  0.65/turn              P - ring of the Jester {rElec rPois rF+ Slay+5}

@: dragon's call, corroded, slow
A: no striking features
}: 2/15 runes: decaying, gossamer
a: Channel Magic, Forget Spell, Renounce Religion, Evoke Flight


You were on level 5 of the Depths.
You worshipped Sif Muna.
Sif Muna was most pleased with you.
You visited 9 branches of the dungeon, and saw 45 of its levels.
You visited 1 bazaar.

You collected 7154 gold pieces.
You spent 6047 gold pieces at shops.

Inventory:

Hand Weapons
 a - the +9 staff of Wucad Mu {channel}
   (You acquired it on level 7 of the Dungeon)
Armour
 c - +0 swamp dragon scales (worn)
 k - a +2 pair of boots (worn)
 D - a +1 cloak (worn)
 I - the +3 hat of Pondering (worn) {ponderous, MR+ MP+10 Int+5}
   (You took it off Gastronok on level 2 of the Lair of Beasts)

   It affects your intelligence (+5).
   It affects your resistance to hostile enchantments.
   It affects your magic capacity (+10).
 S - a +2 kite shield of reflection (worn)
 V - a +2 pair of gloves (worn)
Magical Staves
 b - an uncursed staff of poison
 e - an uncursed staff of fire
 m - an uncursed staff of earth
 w - an uncursed staff of air
 x - an uncursed staff of death
 W - an uncursed staff of conjuration (weapon)
 X - an uncursed staff of cold
Jewellery
 d - the ring "Pen Dief" {*Slow rElec rF++ rC+ Str+6}
   (You found it on level 3 of the Depths)

   [ring of strength]

   It affects your strength (+6).
   It greatly protects you from fire.
   It protects you from cold.
   It insulates you from electricity.
   It may slow you when you take damage.
 l - an uncursed amulet of guardian spirit
 t - the ring of the Mage (left hand) {Wiz MR++ Int+3}
   (You found it on level 14 of the Dungeon)

   [ring of wizardry]

   It improves your spell success rate.
   It affects your intelligence (+3).
   It affects your resistance to hostile enchantments.
 y - an uncursed ring of positive energy
 F - the amulet "Quic" (around neck) {RegenMP +Fly rF+ Dex+2}
   (You bought it in a shop on level 3 of the Depths)

   [amulet of magic regeneration]

   It increases your magic regeneration.
   It affects your dexterity (+2).
   It protects you from fire.
   It lets you fly.
 H - the ring "Eqular" {Int+2 SInv}
   (You bought it in a shop on level 3 of the Depths)

   [ring of see invisible]

   It affects your intelligence (+2).
   It lets you see invisible.
 O - an uncursed ring of protection from cold
 P - the ring of the Jester (right hand) {rElec rPois rF+ Slay+5}
   (You bought it in a shop on level 2 of the Orcish Mines)

   [ring of poison resistance]

   It affects your accuracy and damage with ranged weapons and melee attacks
   (+5).
   It protects you from fire.
   It insulates you from electricity.
   It protects you from poison.
 Y - the ring of Qutahaunk {AC+4 Str+4}
   (You found it on level 2 of the Spider Nest)

   [ring of protection]

   It affects your AC (+4).
   It affects your strength (+4).
Wands
 g - a wand of paralysis (18)
 n - a wand of random effects (58)
 r - a wand of disintegration (26)
 A - a wand of polymorph (13)
 E - a wand of digging (10)
 N - a wand of iceblast (40)
 Z - a wand of flame (15)
Scrolls
 h - 3 scrolls of remove curse
 i - 2 scrolls of holy word
 j - a scroll of vulnerability
 G - a scroll of enchant weapon
 J - a scroll of summoning
 K - a scroll of fog
 U - 3 scrolls of identify
Potions
 f - 8 potions of haste
 o - 2 potions of stabbing
 p - 7 potions of curing
 s - 3 potions of magic
 u - a potion of berserk rage
 v - 6 potions of brilliance
 z - 3 potions of might
 B - a potion of invisibility
 C - 3 potions of resistance
 L - 3 potions of cancellation
 T - 4 potions of ambrosia
Miscellaneous
 q - a tin of tremorstones (1/3)
 M - a condenser vane (1/2)
 Q - a box of beasts (2/3)
 R - a phantom mirror


   Skills:
 - Level 10.0 Fighting
 - Level 10.0 Staves
 - Level 10.0 Armour
 + Level 19.5 Dodging
 - Level 10.0 Stealth
 - Level 15.0 Shields
 O Level 27 Spellcasting
 - Level 15.0 Conjurations
 - Level 8.1 Hexes
 - Level 10.0 Transmutations
 - Level 5.0 Earth Magic
 - Level 7.0 Poison Magic
 - Level 5.0 Invocations
 - Level 10.0 Evocations


You had 27 spell levels left.
You knew the following spells:

 Your Spells              Type           Power        Failure   Level
a - Orb of Destruction    Conj           ########..   1%          7
b - Airstrike             Air            ######....   4%          4
c - Olgreb's Toxic Radia  Pois           #######.     1%          4
d - Ignite Poison         Fire/Tmut/Pois #######.     1%          3
f - Blink                 Tloc           N/A          1%          2
g - Conjure Ball Lightni  Conj/Air       ########..   2%          6
h - Slow                  Hex            #######.     1%          2
i - Freezing Cloud        Conj/Ice/Air   #######...   8%          6
k - Stone Arrow           Conj/Erth      ######       1%          3
l - Spellforged Servitor  Conj/Summ      ########..   16%         7
m - Invisibility          Hex            #######.     2%          6

Your spell library contained the following spells:

 Spells                   Type           Power        Failure   Level
 Beastly Appendage        Tmut           ######       0%          1
 Magic Dart               Conj           ####         0%          1
 Animate Skeleton         Necr           ######       1%          1
 Apportation              Tloc           ######       1%          1
 Corona                   Hex            #######      1%          1
 Foxfire                  Conj/Fire      ####         1%          1
 Pain                     Necr           ####         1%          1
 Sandblast                Erth           ######       1%          1
 Shock                    Conj/Air       ####         1%          1
 Sting                    Tmut/Pois      ####         1%          1
 Call Imp                 Summ           ######..     1%          2
 Ensorcelled Hibernation  Hex/Ice        ######       1%          2
 Passwall                 Tmut/Erth      #######.     1%          2
 Poisonous Vapours        Pois/Air       ######       1%          2
 Sublimation of Blood     Necr           ######....   1%          2
 Swiftness                Air            ######..     1%          2
 Wereblood                Tmut           #######.     1%          2
 Call Canine Familiar     Summ           ######..     1%          3
 Confusing Touch          Hex            #######.     1%          3
 Conjure Flame            Conj/Fire      ########     1%          3
 Dazzling Flash           Conj/Hex       ######       1%          3
 Gell's Gravitas          Tloc           ######....   1%          3
 Inner Flame              Hex/Fire       ######..     1%          3
 Lesser Beckoning         Tloc           ######....   1%          3
 Mephitic Cloud           Conj/Pois/Air  ########     1%          3
 Portal Projectile        Hex/Tloc       ######       1%          3
 Spider Form              Tmut/Pois      #######...   1%          3
 Static Discharge         Conj/Air       ########     1%          3
 Teleport Other           Tloc           ######..     1%          3
 Tukima's Dance           Hex            #######.     1%          3
 Vampiric Draining        Necr           ######....   1%          3
 Cause Fear               Hex            #######...   1%          4
 Fulminant Prism          Conj/Hex       ########..   1%          4
 Ice Form                 Ice/Tmut       #######.     1%          4
 Iskenderun's Mystic Bla  Conj/Tloc      ########     1%          4
 Leda's Liquefaction      Hex/Erth       #######...   1%          4
 Petrify                  Tmut/Erth      #######.     1%          4
 Sticky Flame             Conj/Fire      ########     1%          4
 Alistair's Intoxication  Tmut/Pois      #######..    1%          5
 Blade Hands              Tmut           #######...   1%          5
 Bolt of Magma            Conj/Fire/Erth ########..   1%          5
 Fireball                 Conj/Fire      ########..   1%          5
 Irradiate                Conj/Tmut      ########..   1%          5
 Iskenderun's Battlesphe  Conj           ########     1%          5
 Lee's Rapid Deconstruct  Erth           #######...   1%          5
 Lightning Bolt           Conj/Air       ########..   1%          5
 Yara's Violent Unravell  Hex/Tmut       #######...   1%          5
 Eringya's Noxious Bog    Tmut/Pois      #######...   1%          6
 Hydra Form               Tmut           #######...   1%          6
 Iron Shot                Conj/Erth      ########..   1%          6
 Metabolic Englaciation   Hex/Ice        ######....   2%          5
 Silence                  Hex/Air        ######....   2%          5
 Starburst                Conj/Fire      ########..   2%          6
 Statue Form              Tmut/Erth      #######..    2%          6
 Animate Dead             Necr           ######....   4%          4
 Dispel Undead            Necr           ######..     4%          4
 Borgnjor's Vile Clutch   Necr/Erth      ######....   4%          5
 Dragon Form              Tmut           #######...   6%          7
 Agony                    Necr           ######..     11%         5
 Excruciating Wounds      Necr           ######....   11%         5
 Lehudib's Crystal Spear  Conj/Erth      ########..   38%         8
 Death Channel            Necr           ######....   50%         6
 Dispersal                Tloc           ######....   50%         6
 Ozocubu's Refrigeration  Ice            ######....   50%         6
 Shadow Creatures         Summ           N/A          50%         6
 Simulacrum               Ice/Necr       ######....   50%         6
 Discord                  Hex            #######...   65%         8
 Chain Lightning          Conj/Air       ########..   71%         8
 Malign Gateway           Summ/Tloc      ######....   96%         7
 Borgnjor's Revivificati  Necr           ######....   100%        8
 Death's Door             Necr           ######....   100%        9
 Dragon's Call            Summ           ######....   100%        9
 Fire Storm               Conj/Fire      ########..   100%        9
 Tornado                  Air            ######....   100%        9


Dungeon Overview and Level Annotations

Branches:
Dungeon (15/15)            Temple (1/1) D:7            Lair (6/6) D:11
  Swamp (4/4) Lair:3       Spider (4/4) Lair:4        Slime (0/5) Lair:5
    Orc (2/2) D:12            Elf (3/3) Orc:2        Vaults (5/5) D:13
  Crypt (0/3) Vaults:3     Depths (5/5) D:15
    Zot: Depths:5

Altars:
Ashenzari
Cheibriados
Elyvilon
Gozag
Hepliaklqana
Kikubaaqudgha
Makhleb
Nemelex Xobeh
Okawaru
Ru
Sif Muna
Trog
Uskayaw
Vehumet
Wu Jian
Xom
Yredelemnul
Beogh
Jiyva

Shops:
D:6 !   Orc:1 :   Orc:2 *(*[   Elf:2 }   Elf:3 (   Vaults:3 ?   Vaults:4 !
Depths:1 ([   Depths:3 *!

Portals:
Hell: Lair:6 Depths:1 Depths:2 Depths:3 Depths:4
Abyss: Depths:1 Depths:3 Depths:4
Pandemonium: Depths:3
Ziggurat: Depths:2

Annotations:
D:9 2 transporters, PanSaczeczos's ghost, novice MiAM
Elf:1 6 runed translucent doors


Message History

Your golden dragon is splashed with acid.
The acid corrodes your golden dragon!
The caustic shrike claws your iron dragon!
Your iron dragon is splashed with acid.
The caustic shrike closely misses your golden dragon.
Your golden dragon bites the caustic shrike!!
Your golden dragon claws the caustic shrike!
Your golden dragon barely misses the caustic shrike.
The caustic shrike claws your iron dragon!
Your iron dragon is splashed with acid.
The acid corrodes your iron dragon!
The caustic shrike claws your golden dragon!
Your golden dragon is splashed with acid.
Your golden dragon seems to be corroded for longer.
The caustic shrike claws your iron dragon!!
Your iron dragon is splashed with acid.
Your iron dragon seems to be corroded for longer.
The caustic shrike claws you!!
* * * LOW HITPOINT WARNING * * *
The acid corrodes you!
You are splashed with acid!
You die...

#...... #..##.# #...#..
#.#.... ##...C.###
######........##
#........b.b8..#
#...###.###b#D.#
#..#....@.D.D..#
#.#..####b#b#.##
##.#.##......#.#
########..#.#..#..#ยง#.##
............#.#.#.#....#
#...#.....#.#..#..#.#..#
..#...#...#......##.#.##
#...#..)..#.#.####..#..#
...................#^.##


You could see 3 caustic shrikes, a friendly iron dragon (summoned, corroded), a
friendly golden dragon (summoned, corroded) and a friendly fire dragon
(summoned).

Vanquished Creatures
  Mara (Depths:3)
  A juggernaut (Depths:3)
  Boris (Depths:3)
  Sojobo (Vaults:2)
  Margery (Vaults:3)
  Frederick (Vaults:2)
  A caustic shrike (Depths:2)
  Nikola (Spider:1)
  A golden dragon (Depths:4)
  Arachne (Spider:4)
  2 tentacled monstrosities
  5 liches
  Asterion (Elf:2)
  2 deep elf master archers (Elf:3)
  2 deep elf blademasters (Elf:3)
  A quicksilver dragon (Vaults:4)
  Gastronok (Lair:2)
  4 sphinxes
  A thorn hunter (Swamp:1)
  Kirke (Spider:4)
  2 storm dragons (Depths:2)
  4 shadow dragons
  8 tengu reavers
  Donald (Elf:2)
  Roxanne (Elf:1)
  8 vault wardens
  9 fire giants
  5 frost giants
  2 ghost moths (Spider:4)
  6 deep elf sorcerers
  Aizul (Depths:2)
  An iron dragon (Depths:4)
  A large abomination (Elf:1)
  2 emperor scorpions
  3 deep elf elementalists (Elf:3)
  10 very ugly things
  A balrug (Depths:1)
  2 caustic shrike skeletons (Depths:4)
  10 ironheart preservers
  20 stone giants
  8 entropy weavers
  Azrael (Spider:1)
  A vampire knight (Depths:3)
  9 deep elf demonologists
  12 deep elf annihilators
  A dire elephant (Lair:6)
  11 spark wasps
  2 eidola (Vaults:3)
  A dire elephant (shapeshifter) (Depths:1)
  A merfolk javelineer (Depths:1)
  7 deep elf death magi
  11 ettins
  A crystal guardian (D:14)
  10 yaktaur captains
  2 deep elf high priests
  6 fire dragons
  4 great orbs of eyes
  9 ice dragons
  3 rakshasas
  29 vault guards
  22 hydras
  3 shambling mangroves
  13 ogre magi
  51 two-headed ogres
  6 centaur warriors
  28 dancing weapons
  3 deep troll shamans
  2 death knights
  7 deep troll earth magi
  A queen ant (Lair:6)
  6 tengu warriors
  14 alligators
  An orc high priest (Elf:1)
  11 spriggan berserkers
  8 death yaks
  A vampire mage (Depths:1)
  2 sun demons (Depths:1)
  8 spriggans
  6 hell knights
  15 deep elf knights
  A fire crab (D:15)
  A skeletal warrior (Vaults:3)
  A sixfirhy (Lair:6)
  A shadow wraith (Vaults:4)
  A gelid demonspawn (Depths:3)
  A torturous demonspawn (Depths:3)
  3 unseen horrors
  2 flayed ghosts
  2 spriggan druids
  10 ironbrand convokers
  4 phantasmal warriors
  11 swamp dragons
  19 deep trolls
  6 glowing orange brains
  12 orb spiders
  9 wizards
  21 deep elf archers
  4 necromancers
  A swamp dragon (shapeshifter) (Vaults:1)
  Pikel (D:4)
  4 harpies (Vaults:1)
  2 orb spiders (shapeshifter)
  57 deep elf magi
  18 orc knights
  23 wolf spiders
  A manticore (D:14)
  An orc sorcerer (Orc:2)
  49 ugly things
  24 elephants
  5 cyclopes
  A stone giant zombie (Vaults:1)
  A salamander (Depths:2)
  A salamander (shapeshifter) (Vaults:3)
  6 black mambas
  3 nameless horrors
  A rust devil (Depths:3)
  A gargoyle (D:13)
  15 vault sentinels
  2 smoke demons
  A fire giant skeleton (Depths:4)
  4 orange demons (Lair:6)
  3 torpor snails
  13 cane toads
  10 komodo dragons
  3 rime drakes (Lair:6)
  A komodo dragon (shapeshifter) (Vaults:2)
  43 yaktaurs
  7 demonic crawlers
  5 freezing wraiths
  A tormentor (Depths:3)
  6 tengu conjurers
  A yaktaur (shapeshifter) (D:15)
  2 kobold demonologists
  An efreet (D:15)
  A small abomination (Elf:1)
  A red devil (Lair:6)
  A harpy zombie (D:15)
  A sphinx simulacrum (Depths:4)
  29 jumping spiders
  A hornet (shapeshifter) (Depths:4)
  A troll (shapeshifter) (Vaults:2)
  11 tyrant leeches
  A wind drake (shapeshifter) (Vaults:1)
  A tengu simulacrum (Vaults:1)
  2 raiju (shapeshifter)
  25 hornets
  8 trolls
  7 bog bodies
  12 blink frogs
  10 hippogriffs
  35 slime creatures
  9 dream sheep
  A meliai zombie (D:10)
  Sigmund (D:3)
  4 shadows
  16 tarantellas
  7 water elementals
  3 wraiths
  A spriggan (shapeshifter) (Vaults:3)
  6 wyverns
  7 hogs (Spider:4)
  5 air elementals
  44 yaks
  47 redbacks
  A steam dragon (D:10)
  4 fire elementals
  15 vampire mosquitoes
  13 wargs
  15 swamp worms
  14 insubstantial wisps
  7 soldier ants (Lair:6)
  4 acid dragons
  8 hell hounds
  12 water moccasins
  A floating eye (Depths:3)
  A black bear (D:11)
  8 porcupines
  10 swamp drakes
  An ice beast (D:10)
  3 sky beasts
  43 orc warriors
  2 phantoms
  3 eyes of draining
  28 ogres
  A necrophage (D:10)
  4 wolves
  11 centaurs
  13 crocodiles
  A lemure (D:3)
  2 big kobolds
  A yaktaur zombie (Vaults:1)
  13 bullfrogs
  3 earth elementals
  2 human simulacra (Vaults:1)
  2 wyvern skeletons
  2 scorpions
  An orc simulacrum (Vaults:1)
  20 killer bees
  20 wights
  3 electric eels
  A howler monkey (shapeshifter) (Depths:2)
  2 howler monkeys (D:6)
  A bullfrog zombie (D:7)
  2 crimson imps (Depths:3)
  A centaur zombie (D:8)
  3 jellies
  2 quasits
  4 centaur skeletons
  An iron imp (Depths:3)
  8 hounds
  17 orc priests
  3 bullfrog skeletons
  17 orc wizards
  3 iguanas
  24 worker ants
  11 hell rats (Lair:3)
  2 hound zombies
  2 hound skeletons
  A mummy (D:6)
  A worker ant zombie (D:6)
  3 gnolls (D:2)
  7 adders
  17 river rats (Lair:3)
  A shadow imp (Depths:3)
  7 white imps
  An ufetubus (D:7)
  An ooze (D:1)
  5 adder skeletons
  4 worms
  2 dart slugs
  6 leopard geckos
  104 orcs
  3 giant cockroaches
  6 goblins
  11 hobgoblins
  11 jackals
  10 quokkas
  A ball python (D:6)
  11 bats
  6 frilled lizards
  15 kobolds
  A leopard gecko zombie (D:7)
  2 quokka skeletons
  22 rats
  2 butterflies (Lair:6)
  4 crawling corpses
1850 creatures vanquished.

Vanquished Creatures (collateral kills)
  Mennas (Vaults:3)
  Saint Roka (Vaults:1)
  A caustic shrike (Depths:5)
  A golden dragon (Depths:3)
  A storm dragon (Depths:3)
  2 fire giants
  4 frost giants
  A spriggan defender (Depths:3)
  A crystal guardian (D:14)
  A merfolk javelineer (Depths:4)
  A fire dragon (Depths:3)
  A spriggan air mage (Depths:3)
  3 two-headed ogres
  3 ogre magi
  3 spriggan berserkers
  A titan skeleton (Depths:4)
  3 spriggans (Depths:3)
  A hell knight (Depths:3)
  An infernal demonspawn (Depths:3)
  2 deep trolls (Depths:3)
  An orange crystal statue (D:14)
  2 ball lightnings
  5 ugly things (Depths:3)
  A gargoyle (D:12)
  A torpor snail (Depths:3)
  A yaktaur (Depths:3)
  A tengu conjurer (Depths:3)
  3 hornets
  2 slime creatures (D:13)
  A water elemental (Depths:4)
  A centaur (D:13)
  An orc (Vaults:1)
53 creatures vanquished.

Vanquished Creatures (others)
  A tengu reaver (Depths:4)
  An ice dragon (D:15)
  A swamp dragon (Swamp:2)
  A deep elf archer (Vaults:5)
  2 torpor snails
  83 ball lightnings
  A redback (Spider:1)
  A shadow (Swamp:2)
  A vampire mosquito (D:15)
  A swamp drake (Swamp:2)
  An ogre (Vaults:5)
  A crawling corpse (Elf:1)
  37 fungi
  29 plants
161 creatures vanquished.

Grand Total: 2064 creatures vanquished

Notes
Turn   | Place    | Note
-------+----------+-------------------------------------------
     0 | D:1      | Lugonue the Deep Elf Venom Mage began the quest for the
                  | Orb.
     0 | D:1      | Reached XP level 1. HP: 10/10 MP: 6/6
   372 | D:1      | Reached XP level 2. HP: 13/15 MP: 1/8
   976 | D:1      | Reached XP level 3. HP: 19/19 MP: 6/9
  1092 | D:1      | Learned a level 2 spell: Poisonous Vapours
  1580 | D:2      | Reached skill level 5 in Poison Magic
  2259 | D:2      | Found a faded altar of an unknown god.
  2267 | D:2      | Reached XP level 4. HP: 24/24 MP: 7/10
  3112 | D:3      | Noticed Sigmund
  3121 | D:3      | Killed Sigmund
  3121 | D:3      | Reached XP level 5. HP: 24/28 MP: 0/11
  3121 | D:3      | Reached XP level 6. HP: 28/32 MP: 0/12
  3265 | D:3      | Found a hide-covered altar of Uskayaw.
  3490 | D:4      | Learned a level 4 spell: Olgreb's Toxic Radiance
  4176 | D:4      | Found a hide-covered altar of Uskayaw.
  4255 | D:4      | Noticed Pikel
  4259 | D:4      | Paralysed by Pikel for 4 turns
  4296 | D:3      | Learned a level 3 spell: Ignite Poison
  4437 | D:4      | Killed Pikel
  4437 | D:4      | Reached skill level 5 in Dodging
  4437 | D:4      | Reached skill level 7 in Spellcasting
  4437 | D:4      | Reached XP level 7. HP: 36/36 MP: 1/19
  4857 | D:5      | Entered Level 5 of the Dungeon
  5140 | D:5      | Learned a level 3 spell: Mephitic Cloud
  5176 | D:5      | Reached skill level 8 in Spellcasting
  5246 | D:5      | Reached skill level 9 in Spellcasting
  5246 | D:5      | Reached XP level 8. HP: 32/41 MP: 4/23
  6151 | D:6      | Reached skill level 10 in Spellcasting
  6152 | D:6      | Found a hazy altar of Hepliaklqana.
  6338 | D:6      | Reached skill level 1 in Fighting
  6644 | D:6      | Found a sand-covered staircase.
  6995 | D:6      | Found Huossuikha's Distillery.
  7025 | D:6      | Bought a potion of heal wounds for 65 gold pieces
  7025 | D:6      | Bought a potion of heal wounds for 65 gold pieces
  7275 | D:6      | Found a white marble altar of Elyvilon.
  7434 | D:6      | Found a bloodstained altar of Trog.
  7436 | D:6      | Found a shimmering altar of Xom.
  7437 | D:6      | Found an opulent altar of Gozag.
  7438 | D:6      | Found an ornate altar of the Wu Jian Council.
  7599 | D:7      | Found a white marble altar of Elyvilon.
  7603 | D:7      | Reached skill level 5 in Fighting
  7603 | D:7      | Reached skill level 1 in Evocations
  7603 | D:7      | Reached XP level 9. HP: 34/54 MP: 11/25
  7612 | D:7      | Found a staircase to the Ecumenical Temple.
  7706 | D:7      | Reached skill level 1 in Staves
  7706 | D:7      | Reached skill level 5 in Evocations
  8117 | D:7      | Found a shattered altar of Ashenzari.
  8474 | D:8      | Found a sparkling altar of Nemelex Xobeh.
  8530 | D:8      | Found a roughly hewn altar of Beogh.
  8688 | D:8      | Identified the +6 hand axe of Pyaxanos {flame, rPois MR-
                  | SInv}
  8699 | D:8      | Reached skill level 5 in Staves
  9485 | D:9      | Noticed a troll
  9585 | D:9      | Killed a troll
  9585 | D:9      | Reached XP level 10. HP: 59/59 MP: 16/26
  9979 | D:9      | Noticed a moth of wrath
  9980 | D:9      | Noticed a manticore
  9980 | D:9      | Noticed PanSaczeczos's ghost (novice MiAM)
  9986 | D:9      | Noticed an ice dragon
  9992 | D:9      | Found a transporter.
 10009 | D:9      | Found a transporter.
 10135 | D:10     | Entered Level 10 of the Dungeon
 10964 | D:10     | Reached skill level 10 in Staves
 11111 | D:10     | Reached skill level 1 in Shields
 11278 | D:10     | Learned a level 2 spell: Blink
 11280 | D:10     | Learned a level 1 spell: Magic Dart
 11557 | D:11     | Noticed a cyan ugly thing
 11566 | D:11     | Killed a cyan ugly thing
 11747 | D:11     | Killed an unseen horror
 12160 | D:11     | Reached XP level 11. HP: 63/63 MP: 19/27
 12539 | D:11     | Found a staircase to the Lair.
 12751 | Temple   | Entered the Ecumenical Temple
 12774 | Temple   | Became a worshipper of Sif Muna the Loreminder
 12794 | D:7      | Identified a scroll of acquirement
 12796 | D:7      | Acquired the +9 staff of Wucad Mu {channel}
 12797 | D:7      | Found the +9 staff of Wucad Mu {channel}
 12943 | Lair:1   | Entered Level 1 of the Lair of Beasts
 13792 | Lair:2   | Noticed Gastronok
 13808 | Lair:2   | Killed Gastronok
 13808 | Lair:2   | Reached skill level 5 in Armour
 13808 | Lair:2   | Reached skill level 5 in Shields
 14530 | Lair:3   | Reached skill level 5 in Stealth
 14770 | Lair:3   | Reached * piety under Sif Muna
 15081 | Lair:3   | Reached XP level 12. HP: 51/68 MP: 14/28
 15310 | Lair:3   | Found a staircase to the Swamp.
 15354 | Lair:3   | Noticed a seven-headed hydra
 15368 | Lair:3   | Killed a seven-headed hydra
 15553 | Lair:3   | Learned a level 2 spell: Slow
 15806 | Lair:3   | Reached ** piety under Sif Muna
 15820 | Lair:3   | Reached skill level 10 in Stealth
 16109 | Lair:3   | You fall into a shaft and drop 3 floors!
 16109 | Lair:6   | Entered Level 6 of the Lair of Beasts
 16123 | Lair:6   | Reached skill level 10 in Evocations
 16125 | Lair:6   | Reached skill level 1 in Invocations
 16133 | Lair:6   | Noticed a six-headed hydra
 16198 | Lair:6   | HP: 3/68 [rime drake/flash freeze (18)]
 16200 | Lair:6   | Reached *** piety under Sif Muna
 16261 | Lair:6   | Reached skill level 5 in Invocations
 16261 | Lair:6   | Reached skill level 1 in Hexes
 16548 | Lair:5   | Reached skill level 5 in Hexes
 16717 | Lair:5   | Reached XP level 13. HP: 74/74 MP: 17/29
 16830 | Lair:5   | Found a viscous altar of Jiyva.
 16830 | Lair:5   | Found a staircase to the Slime Pits.
 17403 | Lair:4   | Found a dark tunnel.
 17649 | Lair:4   | Reached **** piety under Sif Muna
 17915 | Lair:4   | Found a hole to the Spider Nest.
 17933 | Spider:1 | Entered Level 1 of the Spider Nest
 17933 | Spider:1 | Noticed Nikola
 18043 | Lair:4   | You fall into a shaft and drop 2 floors!
 18217 | Lair:6   | Noticed an entropy weaver
 18217 | Lair:6   | Noticed an entropy weaver
 18223 | Lair:6   | Killed an entropy weaver
 18242 | Lair:6   | Killed an entropy weaver
 18569 | Lair:6   | Reached skill level 10 in Fighting
 18572 | Lair:6   | Reached ***** piety under Sif Muna
 18719 | Lair:6   | Reached skill level 11 in Spellcasting
 18719 | Lair:6   | Identified Sif Muna's Almanac of the Torrid Oath (Sif Muna
                  | gifted it to you on level 6 of the Lair of Beasts)
 18719 | Lair:6   | Received a gift from Sif Muna
 18927 | Lair:6   | Reached skill level 12 in Spellcasting
 19211 | Lair:6   | Reached XP level 14. HP: 70/88 MP: 30/32
 19353 | Lair:6   | Found a burning altar of Makhleb.
 19375 | Lair:6   | Reached skill level 13 in Spellcasting
 19976 | Lair:6   | Found a gateway to Hell.
 20140 | Lair:4   | Reached skill level 14 in Spellcasting
 20996 | D:12     | HP: 3/88 [gargoyle/stone arrow (24)]
 21099 | D:12     | Identified Sif Muna's Handbook of Orientation and Shape
                  | Shifting (Sif Muna gifted it to you on level 12 of the
                  | Dungeon)
 21099 | D:12     | Received a gift from Sif Muna
 21193 | D:12     | Found a staircase to the Orcish Mines.
 21342 | Orc:1    | Entered Level 1 of the Orcish Mines
 21365 | Orc:1    | Found Cerocuz's Book Shop.
 21399 | Orc:1    | Bought the Disquisition on Confrontation for 531 gold
                  | pieces
 21406 | Orc:1    | Learned a level 6 spell: Iron Shot
 21503 | Orc:2    | Entered Level 2 of the Orcish Mines
 21522 | Orc:2    | Found a roughly hewn altar of Beogh.
 21548 | Orc:2    | Found a staircase to the Elven Halls.
 21564 | Orc:2    | Found a flickering gateway to a bazaar.
 21575 | Orc:2    | Reached skill level 15 in Spellcasting
 21596 | Bazaar   | Entered a bazaar
 21597 | Bazaar   | Found Qeomumn's Antique Armour Emporium.
 21597 | Bazaar   | Found Omemuu's Jewellery Emporium.
 21598 | Bazaar   | Found Sogy's General Store.
 21678 | Bazaar   | Found Ubibb's Antique Weapon Shop.
 21697 | Bazaar   | Bought an embroidered scarf for 240 gold pieces
 21719 | Bazaar   | Bought a +2 buckler for 214 gold pieces
 21719 | Bazaar   | Bought a scroll of teleportation for 39 gold pieces
 21742 | Bazaar   | Bought an uncursed amulet of guardian spirit for 270 gold
                  | pieces
 22129 | Orc:2    | Reached skill level 16 in Spellcasting
 22262 | Orc:2    | Found a roughly hewn altar of Beogh.
 22489 | Orc:2    | Found Peuge's General Store.
 22489 | Orc:2    | Found Tulim's Weapon Emporium.
 22494 | Orc:2    | Bought the ring of the Jester {rElec rPois rF+ Slay+5} for
                  | 868 gold pieces
 22830 | Orc:2    | Found Xeli Tix's Assorted Antiques.
 22830 | Orc:2    | Found Ojoysm's Antique Armour Emporium.
 22877 | Orc:2    | Bought a scroll labeled FOUR ZAINAV for 22 gold pieces
 22886 | Orc:2    | Bought a transparent leather armour for 210 gold pieces
 23121 | Orc:2    | Identified the cursed +1 leather armour of Limitation
                  | {*Slow rElec Int+7} (You bought it in a shop on level 2 of
                  | the Orcish Mines)
 23309 | D:12     | Reached skill level 1 in Conjurations
 23309 | D:12     | Reached skill level 1 in Earth Magic
 24187 | D:13     | Identified Menaps's Volume of the Rocks (Sif Muna gifted it
                  | to you on level 13 of the Dungeon)
 24187 | D:13     | Received a gift from Sif Muna
 24220 | D:12     | Learned a level 6 spell: Statue Form
 24314 | D:12     | Learned a level 3 spell: Stone Arrow
 24397 | D:12     | Reached skill level 17 in Spellcasting
 24629 | D:13     | Reached XP level 15. HP: 84/92 MP: 10/38
 24826 | D:13     | Found a gate to the Vaults.
 25180 | D:14     | Found a radiant altar of Vehumet.
 25398 | D:14     | Found a runed translucent door.
 25411 | D:14     | Found the ring of the Mage {Wiz MR++ Int+3}
 25883 | Orc:2    | Bought a pair of slimy boots for 285 gold pieces
 25893 | Orc:2    | Identified the -5 pair of boots of the Kraken {MR+} (You
                  | bought it in a shop on level 2 of the Orcish Mines)
 26059 | D:15     | Entered Level 15 of the Dungeon
 26318 | D:15     | Reached skill level 5 in Conjurations
 26995 | D:15     | Reached skill level 5 in Earth Magic
 27174 | D:15     | Found a staircase to the Depths.
 28414 | Spider:1 | Killed Nikola
 28451 | Spider:1 | Reached skill level 5 in Transmutations
 28647 | Spider:1 | Identified Jixtitof's Volume of Flamy Intoxication (Sif
                  | Muna gifted it to you on level 1 of the Spider Nest)
 28647 | Spider:1 | Received a gift from Sif Muna
 28926 | Spider:1 | Noticed Azrael
 29011 | Spider:1 | Killed Azrael
 29393 | Spider:2 | Reached skill level 10 in Conjurations
 29689 | Spider:2 | Got a transparent silver ring
 29692 | Spider:2 | Identified the ring of Qutahaunk {AC+4 Str+4} (You found it
                  | on level 2 of the Spider Nest)
 30222 | Spider:3 | Reached XP level 16. HP: 71/97 MP: 9/39
 30794 | Spider:4 | Entered Level 4 of the Spider Nest
 31093 | Spider:4 | Noticed Kirke
 31103 | Spider:4 | Killed Kirke
 31103 | Spider:4 | Reached skill level 10 in Transmutations
 31223 | Spider:4 | Found the cursed necklace of Bloodlust {*Rage +Rage MR++
                  | Int-3 Slay+6 *Curse}
 31648 | Spider:4 | Noticed Arachne
 31689 | Spider:4 | Killed Arachne
 32202 | Spider:4 | Identified Sif Muna's Volume of the Unholy Mountains (Sif
                  | Muna gifted it to you on level 4 of the Spider Nest)
 32202 | Spider:4 | Received a gift from Sif Muna
 33527 | Orc:2    | Bought a pair of embroidered boots for 225 gold pieces
 33866 | Spider:4 | Lost strength.
 35303 | Swamp:1  | Entered Level 1 of the Swamp
 35306 | Swamp:1  | Noticed a thorn hunter
 35589 | Swamp:1  | Killed a thorn hunter
 37518 | Swamp:2  | Reached skill level 10 in Shields
 37858 | Swamp:2  | Learned a level 4 spell: Airstrike
 38963 | Swamp:3  | Reached XP level 17. HP: 87/102 MP: 21/40
 39880 | Swamp:4  | Entered Level 4 of the Swamp
 41691 | Swamp:4  | Got a decaying rune of Zot
 43094 | Spider:4 | Got a gossamer rune of Zot
 43429 | Vaults:1 | Entered Level 1 of the Vaults
 43791 | Vaults:1 | Identified Sif Muna's Incunabulum of Dusty Contamination
                  | (Sif Muna gifted it to you on level 1 of the Vaults)
 43791 | Vaults:1 | Received a gift from Sif Muna
 44449 | Vaults:1 | Reached XP level 18. HP: 107/107 MP: 33/41
 45884 | Vaults:1 | Identified Kubat's Handbook of Shifting Arcane Weapons (Sif
                  | Muna gifted it to you on level 1 of the Vaults)
 45884 | Vaults:1 | Received a gift from Sif Muna
 46141 | Vaults:1 | Noticed Saint Roka
 46544 | Vaults:1 | Killed Saint Roka
 47191 | Vaults:2 | Reached skill level 15 in Shields
 48977 | Vaults:2 | Noticed Sojobo
 48990 | Vaults:2 | Killed Sojobo
 48990 | Vaults:2 | Reached skill level 10 in Armour
 48994 | Vaults:2 | HP: 3/107 [tengu reaver/fireball[Sojobo] (32)]
 48995 | Vaults:2 | Reached XP level 19. HP: 3/112 MP: 0/42
 49804 | Vaults:2 | Noticed Frederick
 49813 | Vaults:2 | Killed Frederick
 49834 | Vaults:2 | Identified Sif Muna's Incunabulum of Arcane Weapons (Sif
                  | Muna gifted it to you on level 2 of the Vaults)
 49834 | Vaults:2 | Received a gift from Sif Muna
 51238 | Vaults:3 | Found Cumajorph's Magic Scroll Shop.
 53343 | Orc:2    | Bought a warped ring mail for 270 gold pieces
 53356 | Orc:2    | Identified the +0 ring mail "Puysiycw" {+Blink rF++ Slay-4}
                  | (You bought it in a shop on level 2 of the Orcish Mines)
 53655 | Vaults:3 | Reached skill level 15 in Conjurations
 53849 | Vaults:3 | Noticed Mennas
 53876 | Vaults:3 | Killed Mennas
 54230 | Vaults:3 | Noticed Margery
 54233 | Vaults:3 | Identified Sif Muna's Disquisition on the Dislocated Rocks
                  | (Sif Muna gifted it to you on level 3 of the Vaults)
 54233 | Vaults:3 | Received a gift from Sif Muna
 54943 | Vaults:3 | Found a staircase to the Crypt.
 55121 | Vaults:3 | Killed Margery
 55121 | Vaults:3 | Reached skill level 18 in Spellcasting
 55533 | Vaults:4 | Reached XP level 20. HP: 117/117 MP: 44/44
 56688 | Vaults:4 | Reached skill level 19 in Spellcasting
 56807 | Vaults:4 | Found Ocwoigg's Distillery.
 56816 | Vaults:4 | Bought a potion of haste for 170 gold pieces
 56816 | Vaults:4 | Bought a potion of resistance for 170 gold pieces
 56816 | Vaults:4 | Bought a potion of haste for 170 gold pieces
 56816 | Vaults:4 | Bought a potion of heal wounds for 85 gold pieces
 56816 | Vaults:4 | Bought a potion of heal wounds for 85 gold pieces
 56816 | Vaults:4 | Bought 2 potions of haste for 340 gold pieces
 56816 | Vaults:4 | Bought a potion of haste for 170 gold pieces
 58037 | Vaults:5 | Entered Level 5 of the Vaults
 58096 | Vaults:4 | Learned a level 7 spell: Orb of Destruction
 58103 | Vaults:4 | Learned a level 6 spell: Conjure Ball Lightning
 58110 | Vaults:4 | Learned a level 6 spell: Freezing Cloud
 58281 | Depths:1 | Entered Level 1 of the Depths
 58498 | Elf:1    | Entered Level 1 of the Elven Halls
 59256 | Elf:1    | Reached skill level 20 in Spellcasting
 59262 | Elf:1    | Identified the +8 shortbow of Qitipp {flame, +Fly Str+2
                  | Stlth+}
 59267 | Elf:1    | Noticed Roxanne
 60029 | Elf:1    | Found a runed translucent gate.
 60029 | Elf:1    | Found a runed translucent gate.
 60029 | Elf:1    | Found a runed translucent gate.
 60029 | Elf:1    | Found a runed translucent gate.
 60029 | Elf:1    | Found a runed translucent gate.
 60031 | Elf:1    | Found a runed translucent gate.
 60302 | Elf:2    | Identified Sif Muna's Handbook of Battle Magic (Sif Muna
                  | gifted it to you on level 2 of the Elven Halls)
 60302 | Elf:2    | Received a gift from Sif Muna
 60729 | Elf:2    | Found a runed translucent gate.
 60729 | Elf:2    | Found a runed translucent gate.
 60729 | Elf:2    | Found a runed translucent gate.
 60863 | Elf:2    | Reached skill level 21 in Spellcasting
 60863 | Elf:2    | Noticed Donald
 62053 | Elf:2    | Killed Donald
 62217 | Elf:2    | Found Emerchas's Gadget Shoppe.
 62247 | Elf:2    | Reached skill level 22 in Spellcasting
 62665 | Elf:3    | Entered Level 3 of the Elven Halls
 62946 | Elf:3    | Reached XP level 21. HP: 99/122 MP: 47/49
 63204 | Elf:3    | Found Latiami's Antique Weapon Shop.
 63740 | Elf:3    | Noticed Asterion
 63748 | Elf:3    | Identified Sif Muna's Collected Works on Doomed Bewitchment
                  | (Sif Muna gifted it to you on level 3 of the Elven Halls)
 63748 | Elf:3    | Received a gift from Sif Muna
 63749 | Elf:3    | Reached skill level 23 in Spellcasting
 64136 | Elf:2    | Killed Asterion
 64498 | Elf:3    | Identified the +10 glaive of Raigucli {freeze, *Rage +Blink
                  | rElec rF++}
 64498 | Elf:3    | Identified the +1 robe of the Great Game {rCorr Str+3
                  | Dex-2}
 64532 | Elf:2    | Reached XP level 22. HP: 70/127 MP: 9/51
 64540 | Elf:2    | Learned a level 6 spell: Invisibility
 64920 | Elf:3    | Identified the +6 morningstar of Gozag's Esteem {vorpal,
                  | rElec MR- Int+4 SInv}
 65376 | Elf:3    | Identified the +7 whip "Bimoeh" {pain, rPois rC- MR+ Int+8}
 65379 | Elf:3    | Reached skill level 24 in Spellcasting
 65769 | Elf:3    | Found a shimmering blue altar of Sif Muna.
 66302 | Elf:1    | Killed Roxanne
 67845 | Vaults:5 | Noticed a golden dragon
 67978 | Vaults:5 | Reached skill level 25 in Spellcasting
 68231 | Vaults:5 | Noticed an ancient lich
 68850 | Depths:1 | Identified Giuqay's Incunabulum of the Birds and Stones
                  | (Sif Muna gifted it to you on level 1 of the Depths)
 68850 | Depths:1 | Received a gift from Sif Muna
 68853 | Depths:1 | Reached XP level 23. HP: 71/132 MP: 37/54
 68878 | Depths:1 | Reached skill level 26 in Spellcasting
 69064 | Depths:1 | Found a one-way gate to the infinite horrors of the Abyss.
 69452 | Depths:1 | Found Cigokaa's Antique Weapon Shop.
 69457 | Depths:1 | Found Teatragu's Antique Armour Boutique.
 69465 | Depths:1 | Bought an embroidered cloak for 352 gold pieces
 70116 | Depths:2 | Found a gateway to a ziggurat.
 70574 | Depths:2 | Noticed Aizul
 70584 | Depths:2 | Killed Aizul
 70868 | Depths:2 | Reached skill level 27 in Spellcasting
 71021 | Depths:2 | Noticed a caustic shrike
 71032 | Depths:2 | Killed a caustic shrike
 71032 | Depths:2 | Reached skill level 10 in Dodging
 71552 | Depths:2 | Identified the +3 scale mail of the Gate {rC+ Regen+}
 71673 | Depths:2 | Identified the +6 gold dragon scales of Zafeewk {*Slow
                  | rPois rF+ rC+ MR+ rCorr Str+2}
 72332 | Depths:2 | Identified Sif Muna's Catalogue of the Rocks and Companions
                  | (Sif Muna gifted it to you on level 2 of the Depths)
 72332 | Depths:2 | Received a gift from Sif Muna
 73735 | Depths:2 | Learned a level 7 spell: Spellforged Servitor
 73765 | Depths:3 | Found Inidemo's Antique Artefacts.
 73822 | Depths:3 | Bought a clouded tin amulet for 150 gold pieces
 73822 | Depths:3 | Bought a pitted ring mail for 270 gold pieces
 73822 | Depths:3 | Bought a coiled tin ring for 150 gold pieces
 73822 | Depths:3 | Bought a heavily runed brass ring for 150 gold pieces
 73827 | Depths:3 | Identified the cursed +0 ring mail of the Orb {rPois Int+4}
                  | (You bought it in a shop on level 3 of the Depths)
 73829 | Depths:3 | Identified the cursed ring of Due Proportion {rPois MR+
                  | Dex-4} (You bought it in a shop on level 3 of the Depths)
 73831 | Depths:3 | Identified the amulet "Quic" {RegenMP +Fly rF+ Dex+2} (You
                  | bought it in a shop on level 3 of the Depths)
 73847 | Depths:3 | Identified the ring "Eqular" {Int+2 SInv} (You bought it in
                  | a shop on level 3 of the Depths)
 74488 | Depths:3 | Found an ornate altar of the Wu Jian Council.
 74606 | Depths:3 | Noticed Boris
 74614 | Depths:3 | Killed Boris
 74658 | Depths:3 | Noticed Mara
 74662 | Depths:3 | Killed Mara
 74662 | Depths:3 | Reached skill level 15 in Dodging
 74677 | Depths:3 | Found Tilup's Distillery.
 74686 | Depths:3 | Bought a potion of haste for 130 gold pieces
 74686 | Depths:3 | Bought a potion of curing for 39 gold pieces
 74686 | Depths:3 | Bought a potion of curing for 39 gold pieces
 74686 | Depths:3 | Bought a potion of curing for 39 gold pieces
 74686 | Depths:3 | Bought a potion of resistance for 130 gold pieces
 74686 | Depths:3 | Bought a potion of cancellation for 104 gold pieces
 75432 | Depths:3 | Reached XP level 24. HP: 137/137 MP: 53/56
 75543 | Depths:3 | Found a one-way gate leading to the halls of Pandemonium.
 76559 | Depths:3 | Noticed a juggernaut
 76626 | Depths:3 | Received a gift from Sif Muna
 77153 | Depths:3 | Found a snail-covered altar of Cheibriados.
 77205 | Depths:3 | Got a slimy golden ring
 77206 | Depths:3 | Identified the ring "Pen Dief" {*Slow rElec rF++ rC+ Str+6}
                  | (You found it on level 3 of the Depths)
 77508 | Depths:3 | Killed a juggernaut
 78171 | Depths:4 | Identified the +5 great sword "Xafetito" {pain, rN+ Str+3
                  | Int+4}
 78195 | Depths:4 | Paralysed by a floating eye for 4 turns
 78920 | Depths:5 | Entered Level 5 of the Depths
 79200 | Depths:5 | Splashed by a caustic shrike's acid

Illustrated notes

Levels and vault maps discovered:
D:1:      dpeg_arrival_boxes_within_box, layout_basic, minmay_liquid_box
D:2:      layout_basic, chequers_ecumenical_altar_simple_redux, minmay_tall_x
D:3:      layout_rooms, lemuel_statue_altar, uniq_sigmund
D:4:      layout_basic, marbit_many_paths, uniq_pikel
D:5:      layout_loops_ring
D:6:      layout_rooms, minitemple, old_standard_altar,
          gup_ossuary_entry_pyramid, serial_shops, shop
D:7:      layout_cave_pools, temple_pool_b, serial_park, serial_park_paths
          [serial_park_minivault_5x5_5], basic_altar, minivault_24,
          ashenzari_altar_1
D:8:      layout_loops_ring, nicolae_overflow_hidden_temple, special_room
          [special_room_orc]
D:9:      layout_long_grid, gammafunk_ghost_berserking_beasts
D:10:     layout_loops_ring
D:11:     layout_basic, lair_entry_dummy
D:12:     layout_loops_ring, erik_orc_4, st_stairs_11
D:13:     layout_basic, lightli_vaults_fourway_checkpoint
D:14:     layout_loops_ring, lemuel_crystal_altar, minmay_crystal_box
D:15:     grunt_enter_depths_hoard, layout_rooms, amethyst_killhole,
          kennysheep_two_boxes
Temple:   eino_temple_water
Lair:1:   layout_chaotic_city
Lair:2:   layout_cave_shapes, uniq_gastronok
Lair:3:   lemuel_ratsnest, layout_regular_city, minmay_swamp_entry_reptiles,
          minmay_stone_trees_medium, kennysheep_abandoned_house,
          lemuel_fruit_tree
Lair:4:   layout_gridlike, spider_nest_entry_funnel_web, enter_volcano_1,
          beast_lair_carwin_6
Lair:5:   layout_hall_layers, slime_altar_1, serial_bayou_shore_b
Lair:6:   evil_forest, layout_loops_ring, gauntlet_entry_generic,
          minmay_another_anthill, lemuel_fruit_fields
Swamp:1:  layout_basic_swamp, nicolae_swamp_fairy_circle
Swamp:2:  layout_basic_swamp, evilmike_swamp_ruin_house_1
Swamp:3:  layout_basic_swamp, serial_swamp_ruin, evilmike_swamp_ruin_house_3,
          evilmike_swamp_ruin_rubble_2, swamp_pool2
Swamp:4:  swamp_basic_johnstein, layout_basic_swamp
Spider:1: layout_spider_delve, drop_trap, uniq_azrael, uniq_nikola
Spider:2: layout_spider_delve
Spider:3: layout_spider_delve, nicolae_spider_circle_web, drop_trap
Spider:4: spider_rune_water, drop_trap, uniq_kirke, uniq_arachne
Orc:1:    layout_caves, serial_shops, shop
Orc:2:    st_orc_town, layout_caves, basic_altar, serial_shops, bzr_entry_dummy
Elf:1:    minmay_elf_arrival_circle, layout_loops_cross, orc_legates,
          dk_noncrumbling_2, uniq_roxanne
Elf:2:    layout_loops_corners, serial_shops, shop, uniq_donald
Elf:3:    elf_hall, layout_loops_cross, serial_shops, nicolae_shop_waterfront,
          lemuel_blue_sif_altar, uniq_asterion
Vaults:1: nicolae_vaults_big_ls, v_misc_4, ontoclasm_vaults_decontamination,
          v_misc_5, v_misc_18, v_misc_15, v_rooms_6, ontoclasm_vaults_fault,
          v_alt_pattern_2, serial_ice_h, vaults_room_glass_cross,
          ontoclasm_vaults_ring_large, nicolae_vaults_big_angled_halls,
          ontoclasm_vaults_claustrophobia, vaults_dpeg_cross,
          grunt_vaults_diagonal, layout_vaults_maze_bifur,
          portal_desolation_entry_ruin, uniq_saint_roka
Vaults:2: vaults_dpeg_doors, nicolae_vaults_circle_grid_a,
          hangedman_vaults_slither, nicolae_vaults_asterisk, vaults_dpeg_ring,
          v_misc_9, nicolae_vaults_little_squares_6, v_misc_8,
          ontoclasm_vaults_shout, grunt_vaults_trifunnel,
          hangedman_vaults_restitches, layout_vaults_omnicross, uniq_sojobo,
          uniq_frederick
Vaults:3: vaults_room_corners, nicolae_vaults_rhombus_5, vaults_room_door_ring,
          minmay_crypt_entry_simple_walls, v_alt_pattern_3, st_smaller_cells,
          v_misc_14, vaults_dpeg_hooks, layout_vaults_big_room, serial_shops,
          shop, uniq_mennas, uniq_margery
Vaults:4: st_check, vaults_room_ringed_pool, hangedman_vaults_maws,
          ontoclasm_vaults_loading_screen, v_misc_13, nicolae_vaults_alarming,
          layout_vaults_omnigrid, serial_shops, shop
Vaults:5: uniq_jory
Depths:1: layout_big_octagon, hangedman_decor_clover_reticule, abyss_entry,
          lightli_too_deep, kb_rosetta, serial_bayou_shore_a, minmay_shoptagon
Depths:2: minmay_complete_graph, layout_gridlike, enter_ziggurat_f,
          pf_hell_entry_tar_spiral, kennysheep_cluttered_room,
          minmay_misc_feat_room, uniq_aizul
Depths:3: pf_snail_temple, layout_basic, grunt_pan_entry_zigzag, serial_shops,
          nicolae_shop_behind_doors, hell_entry, old_standard_altar,
          abyss_entry, nicolae_antique_artefacts,
          serial_sigils_hangedman_writhe, serial_bayou_shore_b,
          minmay_staircase_bubble, uniq_mara, uniq_boris
Depths:4: minmay_bloctagon_deflated, layout_cave_pools, abyss_entry_crystal,
          hell_entry
Depths:5: hangedman_slaughterboxes, hell_entry

Skill      XL: |  1  2  3  4  5  6  7  8  9 10 11 12 13 14 15 16 17 18 19 20 21 22 23 24 |
---------------+-------------------------------------------------------------------------+-----
Poison Magic   | 4 5 7 |  7.0
Dodging        | 3 5 7 9 15 19 | 19.5
Spellcasting   | 7 9 10 12 17 18 22 23 25 27 | 27.0
Fighting       | 5 10 | 10.0
Evocations     | 1 5 7 10 | 10.0
Staves         | 7 10 | 10.0
Shields        | 2 5 10 13 15 | 15.0
Armour         | 3 5 7 10 | 10.0
Stealth        | 7 10 | 10.0
Invocations    | 5 |  5.0
Hexes          | 5 8 |  8.1
Conjurations   | 3 10 15 | 15.0
Earth Magic    | 3 5 |  5.0
Transmutations | 2 8 10 | 10.0

Action                   |  1- 3 |  4- 6 |  7- 9 | 10-12 | 13-15 | 16-18 | 19-21 | 22-24 || total
-------------------------+-------+-------+-------+-------+-------+-------+-------+-------++-------
Melee: Unarmed           |     2 |     3 |       |       |       |     7 |       |       ||    12
       Staff             |       |    12 |   127 |   359 |   460 |   850 |   556 |   267 ||  2631
       Hand axe          |       |       |       |       |       |     7 |       |       ||     7
 Cast: Sting             |    57 |    56 |    71 |    99 |    46 |       |       |       ||   329
       Poisonous Vapours |    20 |    24 |    42 |    41 |     9 |     1 |       |       ||   137
       Olgreb's Toxic Ra |       |     2 |    25 |    64 |   157 |    91 |    63 |    41 ||   443
       Ignite Poison     |       |       |    23 |    60 |   114 |    66 |    65 |    29 ||   357
       Mephitic Cloud    |       |       |    15 |    17 |    56 |    51 |    18 |     9 ||   166
       Magic Dart        |       |       |       |    21 |    17 |       |       |       ||    38
       Blink             |       |       |       |     7 |    24 |    19 |    24 |    30 ||   104
       Slow              |       |       |       |     7 |    26 |    21 |       |       ||    54
       Stone Arrow       |       |       |       |       |    76 |     2 |     3 |     4 ||    85
       Iron Shot         |       |       |       |       |    27 |   208 |    75 |       ||   310
       Statue Form       |       |       |       |       |     1 |    18 |     7 |       ||    26
       Airstrike         |       |       |       |       |       |    34 |    76 |    11 ||   121
       Orb of Destructio |       |       |       |       |       |       |    73 |   293 ||   366
       Conjure Ball Ligh |       |       |       |       |       |       |     7 |    25 ||    32
       Freezing Cloud    |       |       |       |       |       |       |     8 |    20 ||    28
       Invisibility      |       |       |       |       |       |       |       |     8 ||     8
       Spellforged Servi |       |       |       |       |       |       |       |    29 ||    29
       Dragon's Call     |       |       |       |       |       |       |       |     1 ||     1
Invok: Channel Magic     |       |       |       |       |     8 |    11 |     7 |     6 ||    32
       Forget Spell      |       |       |       |       |       |     2 |     1 |     3 ||     6
       Divine Exegesis   |       |       |       |       |       |       |       |     1 ||     1
 Abil: End Transformatio |       |       |       |       |       |    12 |     4 |       ||    16
Evoke: Wand              |       |       |     9 |    24 |    27 |    10 |     4 |     4 ||    78
       Box of beasts     |       |       |       |       |     8 |     5 |     6 |     3 ||    22
       Tin of tremorston |       |       |       |       |     3 |     9 |     3 |     4 ||    19
       Phantom mirror    |       |       |       |       |     2 |       |     3 |       ||     5
       Condenser vane    |       |       |       |       |       |     4 |     3 |     1 ||     8
  Use: Scroll            |       |     5 |     9 |     7 |    25 |    12 |    11 |    10 ||    79
       Potion            |       |       |     6 |     8 |     7 |     7 |    11 |     3 ||    42
 Stab: Sleeping          |       |     1 |     1 |     1 |     3 |     2 |     7 |       ||    15
       Paralysed         |       |       |    18 |       |       |       |       |       ||    18
       Confused          |       |       |       |     4 |     6 |    12 |     4 |     5 ||    31
       Distracted        |       |       |       |       |       |     3 |     1 |     1 ||     5
Armor: Robe              |     8 |    13 |    34 |       |       |       |       |       ||    55
       Troll leather arm |       |       |       |   126 |    82 |       |       |       ||   208
       Leather armour    |       |       |       |       |    13 |       |       |       ||    13
       Acid dragon scale |       |       |       |       |    61 |   162 |       |       ||   223
       Skin              |       |       |       |       |    20 |   274 |    31 |       ||   325
       Swamp dragon scal |       |       |       |       |       |   141 |   189 |   133 ||   463
Dodge: Dodged            |    33 |    33 |   130 |   342 |   366 |   465 |   196 |   187 ||  1752
Block: Buckler           |       |       |       |    70 |   176 |   180 |       |       ||   426
       Kite shield       |       |       |       |       |       |   291 |   298 |   230 ||   819
       Reflection        |       |       |       |       |       |       |    16 |    40 ||    56

Table legend: (Time is in decaauts)
 A = Elapsed time spent in this place.
 B = Non-inter-level travel time spent in this place.
 C = Inter-level travel time spent in this place.
 D = Time resting spent in this place.
 E = Time spent auto-exploring this place.
 F = Levels seen in this place.
 G = Mean time per level.
                   A        B        C        D        E       F      G
               +--------+--------+--------+--------+--------+-----+--------+
         Total |  82154 |  76103 |   6051 |  19374 |  42500 |  46 | 1786.0 |
       Dungeon |  20351 |  18176 |   2175 |   2885 |  11466 |  15 | 1356.7 |
        Temple |     40 |     24 |     16 |      0 |      9 |   1 |   40.0 |
          Lair |   9655 |   8325 |   1330 |   1294 |   5498 |   6 | 1609.2 |
         Swamp |   7208 |   6917 |    291 |   1283 |   4514 |   4 | 1802.0 |
   Spider Nest |   7156 |   6651 |    505 |   3226 |   2459 |   4 | 1789.0 |
  Orcish Mines |   2674 |   2179 |    495 |    374 |   1227 |   2 | 1337.0 |
   Elven Halls |   7758 |   7482 |    276 |   1992 |   4214 |   3 | 2586.0 |
        Vaults |  16344 |  15562 |    782 |   5554 |   7096 |   5 | 3268.8 |
        Depths |  10795 |  10618 |    177 |   2764 |   5923 |   5 | 2159.0 |
        Bazaar |    169 |    169 |      0 |      0 |     90 |   1 |  169.0 |
               +--------+--------+--------+--------+--------+-----+--------+

Top non-repeatable levels by time:
Vaults:3: 5199 daAuts
Depths:3: 4410 daAuts
Spider:4: 4267 daAuts
Vaults:4: 4139 daAuts
Depths:2: 3724 daAuts
Vaults:2: 3653 daAuts
   Elf:2: 3520 daAuts
Vaults:1: 3322 daAuts
  Lair:3: 2630 daAuts
 Swamp:4: 2501 daAuts
  Lair:6: 2426 daAuts
   Orc:2: 2338 daAuts
   Elf:3: 2179 daAuts
   Elf:1: 2058 daAuts
    D:11: 2022 daAuts
